 Dungeon Crawl Stone Soup version 0.23.2-1-ga50397a (webtiles) character file.

Game seed: 4242593519023079769

8229 myga the Quickloader (level 11, 0/99 HPs)
             Began as a Deep Dwarf Hunter on Apr 21, 2019.
             Was an Initiate of Gozag.
             Slain by a killer bee (1 damage)
             ... while petrified by a basilisk
             ... on level 2 of the Lair of Beasts on Apr 29, 2019.
             The game lasted 01:03:33 (9142 turns).

myga the Quickloader (Deep Dwarf Hunter)            Turns: 9142, Time: 01:03:34

Health: 0/99       AC: 19    Str: 21    XL:     11   Next: 7%
Magic:  1/1        EV:  2    Int: 12    God:    Gozag
Gold:   1607       SH:  0    Dex: 16    Spells: 10/10 levels left

rFire    . . .     SeeInvis .   p - +0 great sword
rCold    + . .     Gourm    .   (shield currently unavailable)
rNeg     + + +     Faith    .   x - +0 plate armour
rPois    ∞         Spirit   .   H - +1 helmet
rElec    .         Reflect  +   (no cloak)
rCorr    .         Harm     .   u - +2 pair of gloves
MR       +....                  (no boots)
Stlth    ..........             Q - +3 amulet of reflection
HPRegen  0.00/turn              b - ring of positive energy
MPRegen  0.07/turn              r - ring of protection from cold

@: mighty, lethally poisoned (0 -> 0), petrified, non-regenerating
A: damage resistance, heal wounds, sense surroundings 2, no regeneration
a: Heal Wounds, Potion Petition, Call Merchant, Bribe Branch, Renounce Religion


You were on level 2 of the Lair of Beasts.
You worshipped Gozag.
Gozag was most pleased with you.
You were not hungry.

You visited 2 branches of the dungeon, and saw 11 of its levels.
You also visited: Sewer and Ossuary.

You collected 1853 gold pieces.
You spent 170 gold pieces at shops.
You paid 76 gold pieces to Gozag.

Inventory:

Hand Weapons
 p - a +0 great sword (weapon)
 A - the +5 hand crossbow of the Coin {penet, rElec Str+8}
   (You bought it in a shop on level 4 of the Dungeon)

   Ammo fired by it will pass through the targets it hits, potentially hitting
   all targets in its path until it reaches maximum range.
   It affects your strength (+8).
   It insulates you from electricity.
 I - a +4 falchion of freezing
 N - a +0 long sword
Missiles
 h - 315 stones (quivered)
 m - 6 needles of confusion
 C - 18 poisoned needles
 J - 3 javelins
 M - 31 bolts
Armour
 u - a +2 pair of gloves (worn)
 x - a +0 plate armour (worn)
 H - a +1 helmet (worn)
Jewellery
 b - a ring of positive energy (left hand)
 r - a ring of protection from cold (right hand)
 t - an uncursed ring of flight
 G - an uncursed ring of ice
 Q - a +3 amulet of reflection (around neck)
Wands
 D - a wand of enslavement (20)
 O - a wand of clouds (9)
 P - a wand of polymorph (10)
Scrolls
 a - a scroll of fog {unknown}
 d - 4 scrolls of enchant armour
 g - 4 scrolls of remove curse
 j - a scroll of blinking
 n - a scroll of fear
 o - a scroll of random uselessness {unknown}
 s - a scroll of amnesia {unknown}
 w - 3 scrolls of teleportation
 y - a scroll of magic mapping
 B - 2 scrolls of holy word
 E - a scroll of torment {unknown}
Potions
 c - a potion of berserk rage
 e - 2 potions of flight
 i - 2 potions of lignification
 k - a potion of invisibility
 l - a potion of agility
 q - 10 potions of curing
 v - a potion of magic
 z - 2 potions of resistance
 F - 2 potions of haste
 K - a potion of cancellation {unknown}
Comestibles
 f - 9 rations


   Skills:
 + Level 6.7 Fighting
   Level 1.8(5.4) Short Blades
 + Level 8.9(9.0) Long Blades
 + Level 9.6 Crossbows
 + Level 3.2 Throwing
 + Level 9.1 Armour
 + Level 3.5 Dodging
 + Level 3.8 Stealth
 + Level 0.2 Evocations


You had 10 spell levels left.
You didn't know any spells.
Your spell library contained the following spells:

 Spells                   Type           Power        Failure   Level  Hunger
 Beastly Appendage        Tmut           #.....       99%         1    ##.....
 Corona                   Hex            #......      99%         1    ##.....
 Summon Small Mammal      Summ           #...         99%         1    ##.....
 Call Imp                 Summ           #.......     100%        2    ###....
 Ensorcelled Hibernation  Hex/Ice        #.....       100%        2    ###....
 Sticks to Snakes         Tmut           #.......     100%        2    ###....
 Call Canine Familiar     Summ           #.......     100%        3    ####...
 Confuse                  Hex            #.......     100%        3    ####...
 Dazzling Spray           Conj/Hex       #.....       100%        3    ####...
 Spider Form              Tmut/Pois      #.........   100%        3    ####...
 Static Discharge         Conj/Air       #.......     100%        3    ####...
 Summon Guardian Golem    Hex/Summ       #.......     100%        3    ####...
 Tukima's Dance           Hex            #.......     100%        3    ####...
 Ice Form                 Ice/Tmut       #.......     100%        4    #####..
 Summon Ice Beast         Ice/Summ       #.......     100%        4    #####..
 Summon Lightning Spire   Summ/Air       #.......     100%        4    #####..
 Blade Hands              Tmut           #.........   100%        5    ######.
 Lightning Bolt           Conj/Air       #.........   100%        5    ######.
 Ignition                 Fire           #.........   100%        8    #######
 Shatter                  Erth           #.........   100%        9    #######
 Tornado                  Air            #.........   100%        9    #######


Dungeon Overview and Level Annotations

Branches:
Dungeon (9/15)             Temple (0/1) D:5            Lair (2/6) D:9
  Swamp: Lair:2-4    Shoals: Lair:2-4     Snake: Lair:2-4    Spider: Lair:2-4
    Orc: D:9-12

Altars:
Gozag
Hepliaklqana
Nemelex Xobeh
Sif Muna
Vehumet
Wu Jian

Shops:
D:4 (   D:8 !


Innate Abilities, Weirdness & Mutations

You are resistant to damage.
You can heal yourself by infusing magical energy.
You passively map the area around you.
You do not regenerate.


Message History

The killer bee stings you but does no damage.
The killer bee stings you.
* * * LOW HITPOINT WARNING * * *
The killer bee stings you but does no damage.
The killer bee stings you!
* * * LOW HITPOINT WARNING * * *
The killer bee stings you but does no damage. x2
The killer bee stings you.
The killer bee stings you but does no damage.
The basilisk bites you but does no damage.
The killer bee stings you but does no damage.
The killer bee stings you. The killer bee barely misses you.
The killer bee stings you. x3
The killer bee stings you but does no damage. x2
The basilisk bites you.
* * * LOW HITPOINT WARNING * * *
The killer bee stings you but does no damage.
The killer bee stings you!
You die...
Your body crumbles into a pile of gold.

.###..#....F.l....##
**#......##.##.....#
*
##.....#t.#......##
*
,#.F..l.y##...#..P#
..#.##..y#....#...#
, #..#.##..#F#...#
*, ,#....#...#tl..##
* ,,
,#.#..##..y#yh..P# *
#P#..#..Pl@yy..## *,
.#.#.##...y##### ,#
#.#P###.###, .#.y#
###,,,, * #.*.P. , ,
* ,,,.#.... , , .l
y.##, * * * * , .##,
**, , * , * ,


You could see 2 basilisks, a blink frog, a crocodile, a wolf and 5 killer bees.

Vanquished Creatures
  A hydra (Lair:2)
  A black mamba (Lair:2)
  A spiny frog (Lair:1)
  A rime drake (Lair:2)
  A komodo dragon (Lair:2)
  3 hippogriffs
  A wyvern (D:7)
  Eustachio (D:4)
  A hungry ghost (D:8)
  A basilisk (Lair:1)
  4 water moccasins
  An orc warrior (D:6)
  2 sky beasts
  2 ice beasts (D:8)
  A black bear (Lair:1)
  5 wolves (Lair:2)
  5 ogres
  6 centaurs
  4 crocodiles
  10 bullfrogs
  4 scorpions
  9 wights
  8 killer bees
  2 crimson imps
  A centaur zombie (Ossuary)
  A bullfrog zombie (D:8)
  A jelly (D:7)
  2 quasits
  An orc priest (D:7)
  A bullfrog skeleton (D:8)
  2 gnoll shamans
  4 orc wizards
  8 worker ants
  2 big kobold zombies (Ossuary)
  A hound skeleton (D:4)
  5 mummies (Ossuary)
  12 gnolls
  10 adders
  3 shadow imps
  8 oozes
  An adder skeleton (D:8)
  5 worms
  A dart slug (D:2)
  11 leopard geckos
  14 orcs
  14 ball pythons
  10 bats
  14 giant cockroaches
  6 goblins
  5 hobgoblins
  11 jackals
  10 kobolds
  7 quokkas
  23 frilled lizards
  4 hobgoblin zombies (Ossuary)
  A jackal skeleton (D:2)
  A quokka skeleton (D:7)
  8 rats
283 creatures vanquished.

Vanquished Creatures (others)
  2 plants (Lair:2)
2 creatures vanquished.

Grand Total: 285 creatures vanquished

Notes
Turn   | Place    | Note
-------+----------+-------------------------------------------
     0 | D:1      | myga the Deep Dwarf Hunter began the quest for the Orb.
     0 | D:1      | Reached XP level 1. HP: 19/19 MP: 1/1
   218 | D:1      | Reached XP level 2. HP: 23/26 MP: 2/2
   461 | D:1      | Reached skill level 5 in Crossbows
  1015 | D:2      | Reached XP level 3. HP: 27/32 MP: 3/3
  1403 | D:2      | Reached skill level 1 in Armour
  1714 | D:3      | Reached XP level 4. HP: 39/39 MP: 4/4
  2397 | D:3      | Found a hazy altar of Hepliaklqana.
  2803 | D:4      | Noticed Eustachio
  2869 | D:4      | Killed Eustachio
  2869 | D:4      | Reached skill level 1 in Short Blades
  2869 | D:4      | Reached XP level 5. HP: 21/46 MP: 4/4
  2983 | D:4      | Noticed an ogre
  3014 | D:4      | Killed an ogre
  3014 | D:4      | Reached XP level 6. HP: 30/55 MP: 5/5
  3069 | D:4      | Found Yfatt's Antique Weapon Boutique.
  3254 | D:4      | Bought a fine hand crossbow for 170 gold pieces
  3256 | D:4      | Identified the +5 hand crossbow of the Coin {penet, rElec
                  | Str+8} (You bought it in a shop on level 4 of the Dungeon)
  3279 | D:5      | Entered Level 5 of the Dungeon
  3694 | D:5      | Noticed a sky beast
  3699 | D:5      | Found a sand-covered staircase.
  3704 | Ossuary  | Entered an ossuary
  3717 | Ossuary  | Reached skill level 1 in Long Blades
  3770 | Ossuary  | Reached XP level 7. HP: 20/62 MP: 6/6
  4012 | D:5      | Found a radiant altar of Vehumet.
  4031 | D:5      | Found an opulent altar of Gozag.
  4032 | D:5      | Found an ornate altar of the Wu Jian Council.
  4039 | D:5      | Became a worshipper of Gozag Ym Sagoz the Greedy
  4074 | D:5      | Found a staircase to the Ecumenical Temple.
  4442 | D:6      | Reached XP level 8. HP: 22/72 MP: 6/6
  4534 | D:6      | Reached skill level 1 in Throwing
  4738 | D:6      | Found a glowing drain.
  4752 | Sewer    | Entered a sewer
  5714 | D:6      | Reached skill level 5 in Long Blades
  6016 | D:7      | Reached skill level 5 in Armour
  6030 | D:7      | Gained mutation: You passively map the area around you.
                  | [Deep Dwarf growth]
  6030 | D:7      | Reached XP level 9. HP: 20/79 MP: 6/6
  6500 | D:7      | Found a sparkling altar of Nemelex Xobeh.
  6701 | D:7      | Reached skill level 5 in Fighting
  6877 | D:8      | Found Beisei's Distillery.
  7299 | D:8      | Reached XP level 10. HP: 20/90 MP: 3/3
  7870 | D:9      | Noticed an elephant
  7881 | D:9      | Found a staircase to the Lair.
  7888 | Lair:1   | Entered Level 1 of the Lair of Beasts
  8348 | Lair:1   | Noticed a spiny frog
  8355 | Lair:1   | Killed a spiny frog
  8676 | Lair:2   | Noticed a seven-headed hydra
  8680 | Lair:2   | Killed a seven-headed hydra
  8680 | Lair:2   | Noticed a black mamba
  8698 | Lair:2   | Killed a black mamba
  8749 | Lair:2   | HP: 1/92 [bullfrog (5)]
  8905 | Lair:2   | Found a deep blue altar of Sif Muna.
  8928 | Lair:2   | Reached XP level 11. HP: 12/99 MP: 3/3
  9106 | Lair:2   | HP: 2/99 [killer bee (5)]
  9131 | Lair:2   | HP: 3/99 [killer bee (4)]
  9140 | Lair:2   | HP: 3/99 [killer bee (3)]
  9141 | Lair:2   | HP: 1/99 [basilisk (2)]
  9142 | Lair:2   | Slain by a killer bee

Skill      XL: |  1  2  3  4  5  6  7  8  9 10 |
---------------+-------------------------------+-----
Fighting       | 2 3 4 5 6 |  6.7
Crossbows      | 5 6 7 8 9 |  9.6
Armour         | 1 2 3 5 6 9 |  9.1
Short Blades   | 1 |  1.8
Dodging        | 3 |  3.5
Stealth        | 2 3 |  3.8
Long Blades    | 1 2 5 7 8 |  8.9
Throwing       | 1 2 3 |  3.2
Evocations     | |  0.2

Action                   |  1- 3 |  4- 6 |  7- 9 | 10-12 || total
-------------------------+-------+-------+-------+-------++-------
Melee: Short sword       |    12 |       |       |       ||    12
       Dagger            |    50 |    57 |       |       ||   107
       Rapier            |       |    78 |       |       ||    78
       Falchion          |       |    15 |   518 |   108 ||   641
       Great sword       |       |       |       |    26 ||    26
 Fire: Hand crossbow     |    82 |    69 |    97 |    68 ||   316
Throw: Stone             |    12 |    14 |    79 |    13 ||   118
       Javelin           |       |       |    19 |     6 ||    25
 Abil: Heal Wounds       |       |     2 |    11 |     8 ||    21
       Evoke Flight      |       |       |     1 |       ||     1
  Use: Scroll            |     5 |     4 |     6 |     2 ||    17
       Potion            |     1 |     1 |     3 |     3 ||     8
 Stab: Sleeping          |       |     1 |       |       ||     1
  Eat: Chunk             |     2 |     7 |     2 |       ||    11
       Ration            |       |       |     3 |     3 ||     6
Armor: Leather armour    |     3 |       |       |       ||     3
       Ring mail         |    46 |    76 |       |       ||   122
       Plate armour      |       |    23 |   477 |   206 ||   706
Dodge: Dodged            |    57 |   126 |   191 |   101 ||   475
Block: Other             |       |       |       |    25 ||    25
       Rpst.: Falchion   |       |     2 |    42 |    21 ||    65
       Great sword       |       |       |       |     6 ||     6
